 Dungeon Crawl Stone Soup version 0.20.0 (webtiles) character file.

112 Llamajah the Shield-Bearer (level 5, -3/42 HPs)
             Began as a Formicid Fighter on July 11, 2017.
             Killed from afar by Gearwhore's ghost (7 damage)
             ... with a sting
             ... on level 3 of the Dungeon on July 12, 2017.
             The game lasted 00:07:29 (2142 turns).

Llamajah the Shield-Bearer (Formicid Fighter)       Turns: 2142, Time: 00:07:29

Health: -3/42      AC: 11    Str: 27    XL:     5   Next: 16%
Magic:  5/5        EV:  6    Int:  8    God:
Gold:   70         SH:  0    Dex: 11    Spells: 4/4 levels left

rFire    . . .     SeeInvis +   a - +0 war axe
rCold    . . .     Gourm    +   c - +0 shield
rNeg     . . .     Faith    .   j - +0 plate armour
rPois    .         Spirit   .   (helmet unavailable)
rElec    .         Reflect  .   (no cloak)
rCorr    .         Harm     .   (no gloves)
MR       +....                  (no boots)
Stlth    ..........             s - amulet of the gourmand
Regen    0.2/turn               (no ring)
MPRegen  0.1/turn               (no ring)

@: confused, mighty, lethally poisoned (-3 -> -77)
A: permanent stasis, dig shafts and tunnels, four strong arms, antennae 3, magic
resistance 1, strong 1
a: Dig, Shaft Self


You were on level 3 of the Dungeon.
You were not hungry.

You visited 1 branch of the dungeon, and saw 3 of its levels.

You collected 70 gold pieces.

Inventory:

Hand Weapons
 a - a +0 war axe (weapon)
Armour
 b - a +0 scale mail
 c - a +0 shield (worn)
 j - a +0 plate armour (worn)
Jewellery
 p - an uncursed ring of fire
 s - an amulet of the gourmand (around neck)
Scrolls
 e - a scroll of remove curse
 i - a scroll of recharging {unknown}
 n - a scroll of amnesia {unknown}
 o - a scroll of immolation {unknown}
Potions
 h - 2 potions of curing {unknown}
 k - a potion of lignification
 l - a potion of flight
 t - a potion of cancellation {unknown}
Books
 r - a book of Changes

   Spells                             Type                      Level
   a - Beastly Appendage              Transmutation                1
   b - Sticks to Snakes               Transmutation                2
   c - Spider Form                    Transmutation/Poison         3
   d - Ice Form                       Ice/Transmutation            4
   e - Blade Hands                    Transmutation                5
Comestibles
 f - 3 bread rations
 g - 4 fruits
 u - a royal jelly


   Skills:
 + Level 3.9 Fighting
 * Level 3.2 Axes
 + Level 3.9 Armour
 + Level 1.3 Dodging
 + Level 4.1 Shields


You had 4 spell levels left.
You didn't know any spells.

Dungeon Overview and Level Annotations

Branches:
Dungeon (3/15)

Altars:
The Shining One

Annotations:
D:3 Gearwhore's ghost, amateur DsVM


Innate Abilities, Weirdness & Mutations

You cannot be hasted, slowed, berserked, paralysed or teleported.
You can dig through walls and to a lower floor.
Your four strong arms can wield two-handed weapons with a shield.
You have a pair of large antennae on your head. (SInv)
You are resistant to hostile enchantments. (MR+)
Your muscles are strong. (Str +2)


Message History

The ball explodes into a vile cloud!
The stinking cloud engulfs you!
The stinking cloud engulfs Gearwhore's ghost.
Gearwhore's ghost appears unharmed.
Your shield and plate armour prevent you from hitting Gearwhore's ghost.
Gearwhore's ghost is almost destroyed.
You are engulfed in noxious fumes.
You feel extremely sick.
Gearwhore's ghost lets out a mournful wail.
Gearwhore's ghost hits you!
You are more poisoned.
You closely miss Gearwhore's ghost.
Gearwhore's ghost is almost destroyed.
You are engulfed in noxious fumes.
You choke on the stench!
You are confused.
* * * LOW HITPOINT WARNING * * *
x2 You feel extremely sick.
Gearwhore's ghost casts a spell at you. The sting hits you!
You are more poisoned.
You die...

### ..# #.# ## # #.#
{. #######.# #.# # ##
#..§@W..# #.# #.#.
#.####### #†# #.#.
#.# #. #.# #.. #.# #.
#.# ##. #.# #.###.###
#. #.#######.#.[...#
#.
#...........###.####.
#.########..# #...<..
#.# #..###.#####


You could see Gearwhore's ghost.

Vanquished Creatures
  2 adders
  A gnoll (D:1)
  2 oozes (D:1)
  A worm (D:3)
  5 leopard geckos
  2 giant cockroaches
  7 goblins
  4 hobgoblins
  10 jackals
  A ball python (D:3)
  10 bats
  4 frilled lizards
  12 kobolds
  6 rats
67 creatures vanquished.

Notes
Turn   | Place    | Note
-------+----------+-------------------------------------------
     0 | D:1      | Llamajah the Formicid Fighter began the quest for the Orb.
     0 | D:1      | Reached XP level 1. HP: 18/18 MP: 1/1
    35 | D:1      | Reached XP level 2. HP: 24/24 MP: 2/2
   515 | D:1      | Reached XP level 3. HP: 22/29 MP: 3/3
   764 | D:1      | Reached skill level 1 in Dodging
   764 | D:1      | Reached XP level 4. HP: 27/37 MP: 4/4
  1419 | D:2      | Reached skill level 4 in Shields
  1707 | D:3      | Reached XP level 5. HP: 30/42 MP: 5/5
  1967 | D:3      | Found a glowing golden altar of the Shining One.
  2122 | D:3      | Noticed Gearwhore's ghost (amateur DsVM)
  2136 | D:3      | Gained mutation: You are resistant to hostile enchantments. (MR+) [potion of mutation]
  2136 | D:3      | Gained mutation: Your muscles are strong. (Str +2) [potion of mutation]
  2142 | D:3      | Killed from afar by Gearwhore's ghost

Skill      XL: |  1  2  3  4 |
---------------+-------------+-----
Dodging        | 1 |  1.3
Axes           | 3 |  3.2
Shields        | 4 |  4.1
Fighting       | |  3.9
Armour         | |  3.9

Action                   |  1- 3 |  4- 6 || total
-------------------------+-------+-------++-------
Melee: War axe           |   108 |   150 ||   258
 Abil: Dig               |     1 |       ||     1
  Use: Scroll            |       |     6 ||     6
       Potion            |       |     6 ||     6
  Eat: Chunk             |       |    11 ||    11
Armor: Scale mail        |    48 |    65 ||   113
       Plate armour      |       |     7 ||     7
Dodge: Dodged            |    42 |    58 ||   100
Block: Shield            |    67 |    77 ||   144
